 Dungeon Sprint DCSS version 0.27-a0-1193-g8631133539 (webtiles) character file.

Game seed: 7993832772287268219

167 rocky1 the Shield-Bearer (level 5, -1/38 HPs)
             Began as a Gargoyle Fighter on May 26, 2021.
             Slain by a shadow (9 damage)
             ... in the Dungeon (Sprint III: "The Ten Rune Challenge").
             The game lasted 00:02:26 (681 turns).

rocky1 the Shield-Bearer (Gargoyle Fighter)          Turns: 681, Time: 00:02:28

Health: -1/38      AC:  6    Str: 20    XL:     5   Next: 48%
Magic:  5/5        EV:  8    Int:  9    God:
Gold:   15         SH: 10    Dex:  9    Spells: 4/4 levels left

rFire    . . .     SeeInvis .   a - +0 flail
rCold    . . .     Faith    .   c - +0 kite shield
rNeg     + . .     Spirit   .   b - +0 scale mail
rPois    ∞         Reflect  .   (no helmet)
rElec    +         Harm     .   (no cloak)
rCorr    .         Rampage  .   (no gloves)
Will     .....     NoTele   +   (no boots)
Stlth    ..........             (no amulet)
HPRegen  0.12/turn              (no ring)
MPRegen  0.09/turn              (no ring)

@: mighty, corroded
A: sickness immunity, AC +4, negative energy resistance 1, electricity
resistance, torment resistance 1, petrification resistance
a: no special abilities


You were in the Dungeon.
You visited 1 branch You collected 15 gold pieces.

Inventory:

Hand Weapons
 a - a +0 flail (weapon)
Armour
 b - a +0 scale mail (worn)
 c - a +0 kite shield (worn)
Scrolls
 g - 2 scrolls of torment {unknown}
 j - a scroll of blinking
 k - a scroll of magic mapping {unknown}
 l - 2 scrolls of identify {unknown}
Potions
 e - a potion of curing
 f - a potion of heal wounds
 h - 2 potions of magic
 m - 3 potions of flight
 n - a potion of attraction {unknown}
 o - 5 potions of mutation


   Skills:
 + Level 7.5 Fighting
 + Level 6.4 Maces & Flails
 - Level 3.2 Armour
 + Level 7.5 Shields


You had 4 spell levels left.
You didn't know any spells.
Your spell library was empty.

Dungeon Overview and Level Annotations

Branches:
Dungeon (1/1)

Altars:


Innate Abilities, Weirdness & Mutations

You are immune to sickness and miasma.
Your stone body is resilient. (AC +4)
You are immune to poison.
You resist negative energy. (rN+)
You are resistant to electric shocks. (rElec)
You are resistant to unholy torment.
You are immune to petrification.


Message History

You feel yourself speed up.
You start waiting.
You recover from your berserk rage.
There is an open door to the Ecumenical Temple here.
There is a fountain of clear blue water here.
You open the door.
A jelly comes into view.
Your shield prevents you from hitting the jelly.
The jelly hits you. The acid corrodes you!
You are splashed with acid!
You sock the jelly!
Your hands burn!
The jelly is heavily wounded.
The jelly hits you but does no damage. You block the jelly's attack.
You sock the jelly!
You kill the jelly!
A shadow comes into view.
The shadow slips into darkness.
The shadow flickers and vanishes!
Deactivating autopickup; reactivate with Ctrl-A.
There is an open door here.
You close the door.
Something unseen opens the door.
You close the door.
Something unseen opens the door.
Something is blocking the doorway!
The shadow strikes at you from the darkness!
Reactivating autopickup.
You feel very mighty all of a sudden. The shadow completely misses you.
You hit the shadow.
The shadow is lightly damaged.
The shadow hits you.
You hit the shadow but do no damage.
The shadow is lightly damaged.
The shadow hits you.
* * * LOW HITPOINT WARNING * * *
You hit the shadow.
The shadow is moderately damaged.
The shadow slips into darkness.
The shadow flickers and vanishes!
Deactivating autopickup; reactivate with Ctrl-A.
The shadow strikes at you from the darkness!
You die...

▓▓▓ ##.# ####..#
#..#..#
#..#..###+#+###+##
##'#..#..........#
###...'.⌠.......@#
###...#...######{#
##....#.⌠.# #...#
#.....#...# #...#
......#+### #...#
#.....# #...+
##....# +...#
▓▓▓▓▓▓ ▓▓▓▓▓


There were no monsters in sight!

Vanquished Creatures
  A scorpion (D)
  A water elemental (D)
  A jelly (D)
  A human (D)
  4 rats (D)
8 creatures vanquished.

Notes
Turn   | Place    | Note
-------+----------+-------------------------------------------
     0 | D        | rocky1 the Gargoyle Fighter began the quest for the Orb.
     0 | D        | Reached XP level 1. HP: 14/14 MP: 1/1
   171 | D        | Reached XP level 2. HP: 8/20 MP: 2/2
   375 | D        | Noticed a scorpion
   380 | D        | Killed a scorpion
   381 | D        | Reached skill level 5 in Maces & Flails
   381 | D        | Reached XP level 3. HP: 18/27 MP: 3/3
   381 | D        | Reached XP level 4. HP: 21/32 MP: 4/4
   613 | D        | Noticed a water elemental
   621 | D        | Killed a water elemental
   622 | D        | Reached XP level 5. HP: 38/38 MP: 5/5
   673 | D        | Noticed a shadow
   681 | D        | Slain by a shadow

Illustrated notes

Levels and vault maps discovered:
D:        dungeon_sprint_mu [sprint_mu_entry_cave, sprint_mu_temple_rooms,
          sprint_mu_d1_horrors, sprint_mu_d2_genie, sprint_mu_d3_branching,
          sprint_mu_orc_legion, sprint_mu_elf_gauntlet, sprint_mu_hive_nellie,
          sprint_mu_lair_fedhas, sprint_mu_vaults_butterflies,
          sprint_mu_slime_circle, sprint_mu_swamp_cave, sprint_mu_snake_twists,
          sprint_mu_blade_basic, sprint_mu_crypt_chambers,
          sprint_mu_tomb_spiral, sprint_mu_vestibule_basic,
          sprint_mu_gehenna_hellfire, sprint_mu_dis_giant,
          sprint_mu_tartarus_statrot, sprint_mu_cocytus_islands, sprint_mu_zot1]

Skill      XL: |  1  2  3  4 |
---------------+-------------+-----
Fighting       | 4 6 7 |  7.5
Maces & Flails | 3 5 6 |  6.4
Shields        | 4 6 7 |  7.5
Armour         | |  3.2

Action                   |  1- 3 |  4- 6 || total
-------------------------+-------+-------++-------
Melee: Flail             |    23 |    13 ||    36
  Use: Potion            |     1 |     2 ||     3
Armor: Scale mail        |     7 |     1 ||     8
Dodge: Dodged            |     1 |     3 ||     4
Block: Kite shield       |    12 |     3 ||    15

Table legend: (Time is in decaauts)
 A = Elapsed time spent in this place.
 B = Non-inter-level travel time spent in this place.
 C = Inter-level travel time spent in this place.
 D = Time resting spent in this place.
 E = Time spent auto-exploring this place.
 F = Levels seen in this place.
 G = Mean time per level.
                   A        B        C        D        E       F      G
               +--------+--------+--------+--------+--------+-----+--------+
         Total |    683 |    683 |      0 |    534 |      0 |   1 |  683.0 |
       Dungeon |    683 |    683 |      0 |    534 |      0 |   1 |  683.0 |
               +--------+--------+--------+--------+--------+-----+--------+

Top non-repeatable levels by time:
       D: 683 daAuts
